 Dungeon Crawl Stone Soup version 0.20-a0-876-g2c7b0bf (webtiles) character file.

2611 krabocopter the Frost Mage (level 9, 0/71 HPs)
             Began as a Purple Draconian Ice Elementalist on Mar 15, 2017.
             Was a Follower of Sif Muna.
             Succumbed to a killer bee's poison
             ... on level 6 of the Dungeon.
             The game lasted 00:29:17 (7684 turns).

krabocopter the Frost Mage (DrIE)                   Turns: 7684, Time: 00:29:18

Health: 0/71       AC:  8    Str:  9 (12) XL:     9   Next: 34%
Magic:  15/15      EV: 12    Int: 16 (18) God:    Sif Muna [*.....]
Gold:   232        SH:  0    Dex: 10 (11) Spells: 11/16 levels left

rFire    . . .     SeeInvis +   r - +2 long sword (elec)
rCold    . . .     Gourm    .   (armour unavailable)
rNeg     . . .     Faith    .   (no shield)
rPois    .         Spirit   .   (helmet restricted)
rElec    .         Reflect  .   y - +0 cloak
rCorr    +         Harm     .   (no gloves)
MR       +....                  (no boots)
Stlth    ++........             (no amulet)
Regen    0.3/turn               B - ring of resist corrosion
MPRegen  0.2/turn               h - ring of see invisible

@: lethally poisoned (0 -> -13), very slightly contaminated, hasted, drained,
very quick
A: breathe power, unfitting armour, cold-blooded, AC +7
a: Breathe Dispelling Energy, Divine Energy, Renounce Religion


You were on level 6 of the Dungeon.
You worshipped Sif Muna.
Sif Muna was aware of your devotion.
You were near starving.

You visited 2 branches of the dungeon, and saw 8 of its levels.

You collected 232 gold pieces.

Inventory:

Hand Weapons
 r - a +2 long sword of electrocution (weapon)
Missiles
 e - 332 stones (quivered)
Armour
 y - a +0 cloak (worn)
Jewellery
 h - a ring of see invisible (left hand)
 v - an uncursed ring of fire
 B - a ring of resist corrosion (right hand)
Wands
 s - a wand of paralysis (12/24)
 u - a wand of paralysis (15/24)
 z - a wand of digging (13/24)
Scrolls
 d - 6 scrolls of identify
 i - 3 scrolls of teleportation
 j - 3 scrolls of remove curse
 k - a scroll of fog {unknown}
 n - 2 scrolls of recharging {unknown}
 q - 2 scrolls of immolation {unknown}
 t - a scroll of amnesia
 w - a scroll of blinking {unknown}
 A - a scroll of silence {unknown}
Potions
 c - 4 potions of agility
 g - 2 potions of degeneration
 m - a potion of might
 p - a potion of resistance
 x - a potion of cancellation
Books
 a - a book of Frost

   Spells                             Type                      Level
   a - Freeze                         Ice                          1
   b - Throw Frost                    Conjuration/Ice              2
   c - Ozocubu's Armour               Charms/Ice                   3
   d - Throw Icicle                   Conjuration/Ice              4
   e - Summon Ice Beast               Ice/Summoning                4
Comestibles
 b - 4 bread rations
 f - 2 fruits
 l - 4 meat rations
 o - a royal jelly


   Skills:
 - Level 4.2(4.1) Fighting
 - Level 1.7(1.6) Dodging
 - Level 2.3(2.2) Stealth
 - Level 4.3(4.2) Spellcasting
 + Level 6.8(6.7) Conjurations
 + Level 9.7(9.5) Ice Magic


You had 11 spell levels left.
You knew the following spells:

 Your Spells              Type           Power        Failure   Level  Hunger
a - Freeze                Ice            ####         1%          1    None
b - Throw Icicle          Conj/Ice       ####....     8%          4    ####...


Dungeon Overview and Level Annotations

Branches:
Dungeon (7/15)             Temple (1/1) D:6

Altars:
Ashenzari
Cheibriados
Dithmenos
Gozag
Hepliaklqana
Makhleb
Nemelex Xobeh
Okawaru
Qazlal
Sif Muna
Trog
Uskayaw
Vehumet
Wu Jian
Xom
Yredelemnul
Zin
The Shining One


Innate Abilities, Weirdness & Mutations

You can breathe bolts of dispelling energy.
Your rich purple scales are hard. (AC +7)
You cannot fit into any form of body armour.
You are cold-blooded and may be slowed by cold attacks.


Message History

You feel sick.
The killer bee buzzes angrily. x2
The killer bee stings you but does no damage.
The killer bee stings you.
* * * LOW HITPOINT WARNING * * *
The killer bee barely misses you.
You climb upwards.
* * * LOW HITPOINT WARNING * * *
You feel sick.
There is a stone staircase leading down here.
You take 5 damage, and have 5/71 hp.
It was a potion of haste.
You feel yourself speed up.
* * * LOW HITPOINT WARNING * * *
You feel sick. The killer bee stings you.
* * * LOW HITPOINT WARNING * * *
You are more poisoned.
The killer bee poisons you! The killer bee barely misses you.
You are very lightly contaminated with residual magic.
You take 4 damage, and have 1/71 hp.
You die...

#.# #......####### #.#
######## # #.# # #.# #
#[# #######
##[#######.....# ##
##.......##.....# #.
#........##.....# #.
#..@.....##.....# #.
#.>[.....#......# #.
#.y......#.###### #.
#........#.# #.
##.......#.# #.
##.######.########.
#........#......#.
########[#####..#.####.#.
#........#####....####>##


You could see a killer bee.

Vanquished Creatures
  Pikel (D:4)
  A hippogriff (D:5)
  Duvessa (D:4)
  2 ice beasts
  A phantom (D:5)
  An ogre (D:5)
  2 bullfrogs (D:7)
  Dowan (D:4)
  3 scorpions
  5 wights (D:6)
  2 howler monkeys
  2 crimson imps
  A quasit (D:5)
  2 centaur skeletons
  3 hounds
  2 jellies
  An orc priest (D:5)
  5 orc wizards
  Natasha (thrice) (D:2)
  3 worker ants
  Robin (D:1)
  11 adders
  An ooze (D:1)
  An adder zombie (D:5)
  An adder skeleton (D:6)
  2 worms
  4 dart slugs
  4 leopard geckos
  14 orcs
  2 ball pythons (D:4)
  11 bats
  8 giant cockroaches
  18 goblins
  13 hobgoblins
  10 jackals
  A quokka (D:2)
  5 frilled lizards
  A giant cockroach zombie (D:6)
  A jackal skeleton (D:7)
  4 kobolds
  A quokka zombie (D:6)
  11 rats
167 creatures vanquished.

Vanquished Creatures (others)
  A quokka skeleton (D:4)
1 creature vanquished.

Grand Total: 168 creatures vanquished

Notes
Turn   | Place    | Note
-------+----------+-------------------------------------------
     0 | D:1      | krabocopter the Draconian Ice Elementalist began the quest for the Orb.
     0 | D:1      | Reached XP level 1. HP: 14/14 MP: 3/3
   244 | D:1      | Reached XP level 2. HP: 19/20 MP: 3/5
   598 | D:1      | Reached XP level 3. HP: 27/27 MP: 6/6
   916 | D:2      | Noticed Natasha
   924 | D:2      | Killed Natasha
   924 | D:2      | Reached skill level 1 in Fighting
   924 | D:2      | Reached skill level 4 in Ice Magic
  1211 | D:2      | Reached XP level 4. HP: 36/36 MP: 4/7
  1215 | D:2      | Found a glowing golden altar of the Shining One.
  1215 | D:2      | Noticed Robin
  1751 | D:1      | Killed Robin
  2026 | D:2      | Noticed Natasha
  2036 | D:2      | Killed Natasha
  2036 | D:2      | Reached skill level 5 in Ice Magic
  2036 | D:2      | Reached XP level 5. HP: 31/42 MP: 1/8
  2503 | D:2      | You fall through a shaft for 2 floors!
  2653 | D:3      | Found a hazy altar of Hepliaklqana.
  2770 | D:2      | Noticed Natasha
  2774 | D:2      | Killed Natasha
  3232 | D:3      | Reached XP level 6. HP: 51/51 MP: 9/9
  3373 | D:4      | Noticed Duvessa
  3408 | D:4      | Noticed Dowan
  3425 | D:4      | Killed Duvessa
  3425 | D:4      | Reached skill level 6 in Ice Magic
  3429 | D:5      | Entered Level 5 of the Dungeon
  3690 | D:4      | Killed Dowan
  3772 | D:4      | Your scales start taking on a rich purple colour.
  3772 | D:4      | Reached XP level 7. HP: 59/59 MP: 8/10
  3781 | D:4      | Learned a level 4 spell: Throw Icicle
  4003 | D:4      | Noticed Pikel
  4035 | D:4      | Killed Pikel
  4035 | D:4      | Reached skill level 7 in Ice Magic
  4035 | D:4      | Reached XP level 8. HP: 46/66 MP: 5/14
  4915 | D:5      | Found a glowing silver altar of Zin.
  4981 | D:5      | Reached skill level 8 in Ice Magic
  5012 | D:5      | Noticed a hippogriff
  5440 | D:5      | Killed a hippogriff
  5440 | D:5      | Reached skill level 5 in Conjurations
  5945 | D:5      | Reached skill level 9 in Ice Magic
  6192 | D:6      | Reached XP level 9. HP: 71/71 MP: 15/15
  6275 | D:6      | Found a staircase to the Ecumenical Temple.
  6292 | Temple   | Entered the Ecumenical Temple
  6357 | Temple   | Became a worshipper of Sif Muna the Loreminder
  6506 | D:6      | Found an opulent altar of Gozag.
  7245 | D:6      | Reached * piety under Sif Muna
  7494 | D:6      | Found a bloodstained altar of Trog.
  7552 | D:7      | Found a shimmering altar of Xom.
  7552 | D:7      | Found a shimmering altar of Xom.
  7552 | D:7      | Found a shimmering altar of Xom.
  7552 | D:7      | Found a shimmering altar of Xom.
  7683 | D:6      | HP: 1/71 [killer bee (3)]
  7684 | D:6      | Succumbed to a killer bee's poison

Vault maps used:
D:1:      dpeg_arrival_morbid_curiosity
D:2:      minmay_item_behind_shaft, tso_metal_star, uniq_robin, uniq_natasha
D:3:      overflow_temple_1_default
D:4:      uniq_duvessa, uniq_pikel
D:5:      first_bread, basic_altar
D:6:      lightli_temple_of_fire, grunt_gozag_statues,
          minmay_temple_entry_butterflies, grunt_decor_cap
D:7:      zin_statuary, nicolae_xom_altar_mimics
Temple:   dshaligram_water_room_temple

Skill      XL: |  1  2  3  4  5  6  7  8  9 |
---------------+----------------------------+-----
Stealth        | 2 |  2.3
Fighting       | 1 2 3 4 |  4.2
Ice Magic      | 4 5 6 7 9 |  9.7
Spellcasting   | 4 |  4.3
Conjurations   | 3 5 6 |  6.8
Dodging        | |  1.7

Action                   |  1- 3 |  4- 6 |  7- 9 || total
-------------------------+-------+-------+-------++-------
Melee: Mace              |    10 |       |       ||    10
       Tailslap          |     6 |     9 |    11 ||    26
       Short sword       |    41 |    53 |       ||    94
       Rapier            |       |     9 |       ||     9
       Long sword        |       |    22 |    96 ||   118
Throw: Stone             |       |    33 |     9 ||    42
 Cast: Freeze            |    34 |    93 |    73 ||   200
       Throw Icicle      |       |       |    12 ||    12
 Abil: Breathe Dispellin |       |       |     2 ||     2
  Use: Scroll            |     2 |     5 |     4 ||    11
       Potion            |       |       |     4 ||     4
 Stab: Sleeping          |       |     3 |     3 ||     6
       Distracted        |       |     1 |       ||     1
  Eat: Chunk             |     1 |    10 |    11 ||    22
       Fruit             |       |       |     3 ||     3
Armor: Skin              |    30 |    74 |    61 ||   165
Dodge: Dodged            |    53 |   125 |   158 ||   336
       Rpst.: Long sword |       |     7 |    41 ||    48
